 Dungeon Crawl Stone Soup version 0.31-a0-844-gdc52ec4e09 (webtiles) character file.

Game seed: 16331616655856550089

52 randomguy2701 the Cutter (level 3, -3/31 HPs)
             Began as a Gnoll Wanderer on Sept 28, 2023.
             Killed by divine providence
             ... invoked by an orc priest
              (11 damage)
             ... on level 3 of the Dungeon.
             The game lasted 00:04:33 (2173 turns).

randomguy2701 the Cutter (Gnoll Wanderer)           Turns: 2173, Time: 00:04:33

Health: -3/31      AC:  8    Str:  9    XL:     3   Next: 85%
Magic:  7/7        EV: 20    Int: 10    God:
Gold:   159        SH:  0    Dex: 16    Spells: 6/7 levels left

rFire   . . .        a - +2 short sword
rCold   + . .        (no shield)
rNeg    + . .        o - +0 chain mail
rPois   .            (no helmet)
rElec   .            (no cloak)
rCorr   .            (no gloves)
SInv    .            (no boots)
Will    .....        i - amulet of the acrobat Stlth
                     j - ring of positive energy
HPRegen 0.25/turn    l - ring of protection from cold
MPRegen 0.10/turn

%: acrobat
@: acrobatic
A: fangs 1, strong nose, distributed training
a: no special abilities


You were on level 3 of the Dungeon.
You visited 1 branch of the dungeon, and saw 3 of its levels.

You collected 159 gold pieces.

Inventory:

Hand Weapons
 a - a +2 short sword (weapon)
Missiles
 b - 6 boomerangs (quivered)
Armour
 c - a +0 leather armour
 e - a +0 robe
 o - a +0 chain mail (worn)
Jewellery
 i - an amulet of the acrobat (around neck)
 j - a ring of positive energy (left hand)
 l - a ring of protection from cold (right hand)
Scrolls
 d - a scroll of fear
 f - a scroll of immolation {unknown}
 g - a scroll of poison {unknown}
 h - a scroll of vulnerability {unknown}
 m - 3 scrolls of identify {unknown}
 n - a scroll of noise {unknown}
 p - a scroll of enchant armour {unknown}
Potions
 k - a potion of attraction {unknown}
 q - a potion of haste {unknown}
 r - 2 potions of curing {unknown}
 s - a potion of might {unknown}


   Skills:
 + Level 4.6 Fighting
 + Level 6.5 Short Blades
 + Level 1.0 Long Blades
 + Level 1.0 Axes
 + Level 1.0 Maces & Flails
 + Level 1.0 Polearms
 + Level 1.0 Staves
 + Level 1.0 Ranged Weapons
 + Level 2.6 Throwing
 + Level 2.6 Armour
 + Level 1.0 Dodging
 + Level 2.4 Stealth
 + Level 1.0 Shields
 + Level 1.0 Unarmed Combat
 + Level 2.9 Spellcasting
 + Level 0.7 Conjurations
 + Level 0.7 Hexes
 + Level 0.7 Summonings
 + Level 0.7 Necromancy
 + Level 0.7 Translocations
 + Level 0.7 Transmutations
 + Level 0.7 Fire Magic
 + Level 0.7 Ice Magic
 + Level 2.1 Air Magic
 + Level 0.7 Earth Magic
 + Level 0.7 Poison Magic
 + Level 1.0 Invocations
 + Level 1.0 Evocations
 + Level 0.8 Shapeshifting


You had 6 spell levels left.
You knew the following spells:

 Your Spells              Type           Power      Damage    Failure   Level
a - Shock                 Conj/Air       16%        1d4       100%        1

Your spell library contained the following spells:

 Spells                   Type           Power      Damage    Failure   Level
 Mephitic Cloud           Conj/Pois/Air  3%         N/A       100%        3
 Iskenderun's Battlesphe  Conj           2%         2d6       100%        5
 Bombard                  Conj/Erth      1%         9d1       100%        6
 Spellforged Servitor     Conj/Summ      1%         N/A       100%        7


Dungeon Overview and Level Annotations

Branches:
Dungeon (3/15)

Altars:

Annotations:
D:3 Pargi, Terence


Innate Abilities, Weirdness & Mutations

You have very sharp teeth.
Your uncanny sense of smell can sniff out nearby items.
Your experience applies equally to all skills.


Message History

No target in view!
Terence is nearby!
Terence is nearby!
Terence is nearby!
A ball python comes into view.
The ball python hisses angrily.
You barely miss the ball python.
The ball python bites you but does no damage.
The ball python grabs you. The ball python constricts you.
You hit the ball python.
You kill the ball python!
You see here a ball python corpse.
Found a flux talisman.
Found a chain mail.
An orc comes into view.
It is wielding a +0 war axe. 2 orc priests come into view.
The orc priest shouts! x2
An orc comes into view. It is wielding a +0 hand axe.
The orc priest moves out of view.
An orc and an endoplasm come into view.
Found a blue potion, 10 gold pieces and a scroll labelled OGIQ VAH SUG.
The orc shouts! x2
The endoplasm quivers.
The orc priest completely misses you.
You closely miss the orc priest. You hit the orc priest.
The orc priest is moderately wounded.
The orc throws a boomerang.
The boomerang misses you.
The orc priest mumbles some strange prayers to Beogh against you.
Beogh smites you!
The orc priest invokes the aid of Beogh against you.
Beogh smites you!
The orc priest calls down the wrath of Beogh upon you.
Beogh smites you!
* * * LOW HITPOINT WARNING * * *
Unknown command.
You see here a ball python corpse.
The orc priest invokes the aid of Beogh against you.
Beogh smites you!
You die...

......#
#.......##.#
##.....#.# ####.##
#.##.......#
##...##.#. # #.# #
####.#### #.......#
. ..# .# #.#
#...####.
#########.# #.#
#...# # ......#
#.#########...####
.[..?.#
#.##...............
.....$#
#..................
@###o....#
##@#<..............
..@.o...!#
#.######.#...#.###
###.# #.# #.#...#.#
..#o# #.# #.#...#.#
#.#o# ########.#
#.#...# ....#
#.o.o..o.# #.#...#
#o#### #.########
..o.%# #†# ## ....
#.##.####.# .. .$.
..


You could see an orc priest.

Vanquished Creatures
  8 ball pythons
  7 bats
  6 endoplasms
  3 giant cockroaches
  2 goblins (D:1)
  6 hobgoblins (D:1)
  4 jackals (D:1)
  A quokka (D:1)
  A frilled lizard (D:2)
  5 kobolds (D:1)
43 creatures vanquished.

Notes
Turn   | Place    | Note
-------+----------+-------------------------------------------
     0 | D:1      | randomguy2701 the Gnoll Wanderer began the quest for the
                  | Orb.
     0 | D:1      | randomguy2701 set off with the following items: a +2 short
                  | sword, 6 boomerangs, a +0 dagger, a scroll of fear, a +0
                  | robe; and the following spell memorised: Shock; and the
                  | following spells available to memorise: Mephitic Cloud.
     0 | D:1      | Reached XP level 1. HP: 20/20 MP: 4/4
   161 | D:1      | Reached XP level 2. HP: 25/26 MP: 5/5
   438 | D:1      | Reached XP level 3. HP: 26/31 MP: 7/7
   640 | D:1      | Reached skill level 1 in Invocations
  1306 | D:2      | Reached skill level 1 in Long Blades
  1306 | D:2      | Reached skill level 1 in Axes
  1306 | D:2      | Reached skill level 1 in Maces & Flails
  1306 | D:2      | Reached skill level 1 in Polearms
  1306 | D:2      | Reached skill level 1 in Staves
  1306 | D:2      | Reached skill level 1 in Ranged Weapons
  1306 | D:2      | Reached skill level 1 in Dodging
  1306 | D:2      | Reached skill level 1 in Shields
  1306 | D:2      | Reached skill level 1 in Unarmed Combat
  1306 | D:2      | Reached skill level 1 in Evocations
  1403 | D:3      | Noticed Terence
  1847 | D:3      | Noticed Pargi
  2173 | D:3      | Killed from afar by an orc priest

Illustrated notes

Levels and vault maps discovered:
D:1:      nzn_arrival_settlement, layout_basic, chequers_serial_rivers_large_a,
          minmay_pentomino_r2
D:2:      layout_basic, chequers_serial_rivers_small_b
D:3:      layout_loops_cross, uniq_terence, uniq_grinder, uniq_pargi

Skill      XL: |  1  2  3 |
---------------+----------+-----
Air Magic      | 2 |  2.1
Invocations    | 1 |  1.0
Long Blades    | 1 |  1.0
Axes           | 1 |  1.0
Maces & Flails | 1 |  1.0
Polearms       | 1 |  1.0
Staves         | 1 |  1.0
Ranged Weapons | 1 |  1.0
Dodging        | 1 |  1.0
Shields        | 1 |  1.0
Unarmed Combat | 1 |  1.0
Evocations     | 1 |  1.0
Fighting       | |  4.6
Short Blades   | |  6.5
Throwing       | |  2.6
Armour         | |  2.6
Stealth        | |  2.4
Spellcasting   | |  2.9
Conjurations   | |  0.7
Hexes          | |  0.7
Summonings     | |  0.7
Necromancy     | |  0.7
Translocations | |  0.7
Transmutations | |  0.7
Fire Magic     | |  0.7
Ice Magic      | |  0.7
Earth Magic    | |  0.7
Poison Magic   | |  0.7
Shapeshifting  | |  0.8

Action                     || total
---------------------------++-------
  Melee: Short sword       ||   160
         Bite              ||    11
         Punch             ||     1
   Stab: Sleeping          ||     5
 Armour: Robe              ||    37
         Chain mail        ||    73
  Dodge: Dodged            ||    98

Table legend: (Time is in decaauts)
 A = Elapsed time spent in this place.
 B = Non-inter-level travel time spent in this place.
 C = Inter-level travel time spent in this place.
 D = Time resting spent in this place.
 E = Time spent auto-exploring this place.
 F = Levels seen in this place.
 G = Mean time per level.
                   A        B        C        D        E       F      G
               +--------+--------+--------+--------+--------+-----+--------+
         Total |   2129 |   1972 |    157 |      0 |   1515 |   3 |  709.7 |
       Dungeon |   2129 |   1972 |    157 |      0 |   1515 |   3 |  709.7 |
               +--------+--------+--------+--------+--------+-----+--------+

Top non-repeatable levels by time:
     D:1: 954 daAuts
     D:2: 786 daAuts
     D:3: 387 daAuts
